 Dungeon Crawl Stone Soup version 0.28.0-53-g5a82cb258f (webtiles) character file.

Game seed: 6965050978612309789

154 safid the Skirmisher (level 5, -1/47 HPs)
             Began as a Hill Orc Fighter on Aug 17, 2022.
             Slain by a scorpion (8 damage)
             ... on level 5 of the Dungeon.
             The game lasted 00:00:51 (740 turns).

safid the Skirmisher (Hill Orc Fighter)              Turns: 740, Time: 00:00:52

Health: -1/47      AC:  7    Str: 21    XL:     5   Next: 36%
Magic:  5/5        EV:  9    Int:  8    God:
Gold:   29         SH:  0    Dex: 10    Spells: 4/4 levels left

rFire   . . .      SeeInvis .   a - +0 trident
rCold   . . .      Faith    .   c - +0 buckler
rNeg    . . .      Spirit   .   b - +0 scale mail
rPois   .          Reflect  .   (no helmet)
rElec   .          Harm     .   (no cloak)
rCorr   .          Rampage  .   (no gloves)
Will    .....                   (no boots)
Stlth   ..........              (no amulet)
HPRegen 0.15/turn               (no ring)
MPRegen 0.09/turn               (no ring)

@: confused, lethally poisoned (-1 -> -9)
A: no striking features
a: no special abilities


You were on level 5 of the Dungeon.
You visited 1 branch of the dungeon, and saw 5 of its levels.

You collected 29 gold pieces.

Inventory:

Hand Weapons
 a - a +0 trident (weapon)
Armour
 b - a +0 scale mail (worn)
 c - a +0 buckler (worn)
Scrolls
 e - 2 scrolls of immolation {unknown}
 f - a scroll of fear {unknown}
Potions
 d - a potion of might
 g - a potion of lignification {unknown}


   Skills:
 + Level 4.7 Fighting
 + Level 3.4 Polearms
 + Level 4.2 Armour
 + Level 4.3 Shields


You had 4 spell levels left.
You didn't know any spells.
Your spell library was empty.

Dungeon Overview and Level Annotations

Branches:
Dungeon (5/15)
 Temple: D:4-7

Altars:


Message History

The scorpion is severely wounded.
You feel sick.
The scorpion stings you but does no damage.
The scorpion stings you!
You are too injured to fight recklessly!
You are too injured to fight recklessly!
You are too injured to fight recklessly!
You are too injured to fight recklessly!
You are too injured to fight recklessly!
You are too injured to fight recklessly!
You are too injured to fight recklessly!
You are too injured to fight recklessly!
You are too injured to fight recklessly!
You are too injured to fight recklessly!
You are too injured to fight recklessly!
You are too injured to fight recklessly!
You are too injured to fight recklessly!
You are too injured to fight recklessly!
You are too injured to fight recklessly!
You are too injured to fight recklessly!
Unknown command.
You are too injured to fight recklessly!
You hit the orc wizard.
The orc wizard is lightly wounded.
You feel sick. The scorpion stings you.
You are more poisoned.
The scorpion poisons you!
You closely miss the orc wizard.
The orc wizard is lightly wounded.
* * * LOW HITPOINT WARNING * * *
You feel very sick.
The orc wizard gestures at you while chanting.
You are confused.
The scorpion stings you.
* * * LOW HITPOINT WARNING * * *
You bump into the rock wall.
* * * LOW HITPOINT WARNING * * *
You feel very sick. The scorpion stings you!
You die...

#......########.....#
#......#............#
#......#............#
#......#............#
#......#............#
#......#............#
+......'............#
..###+####............#
......s@..............#
......oo..#######.....#
.....o....# .....
..........# ..........#
..........# ##........#
#......<.#


You could see a scorpion, an orc wizard and 2 orcs.

Vanquished Creatures
  An ogre (D:5)
  2 hounds (D:4)
  2 ball pythons
  2 kobolds (D:1)
  2 quokkas
  A bat (D:1)
  A rat (D:1)
11 creatures vanquished.

Notes
Turn   | Place    | Note
-------+----------+-------------------------------------------
     0 | D:1      | safid the Hill Orc Fighter began the quest for the Orb.
     0 | D:1      | Reached XP level 1. HP: 19/19 MP: 1/1
   224 | D:1      | Reached XP level 2. HP: 27/27 MP: 2/2
   313 | D:4      | Reached XP level 3. HP: 28/33 MP: 3/3
   431 | D:4      | Reached XP level 4. HP: 39/40 MP: 4/4
   446 | D:5      | Entered Level 5 of the Dungeon
   489 | D:5      | Noticed an ogre
   497 | D:5      | Killed an ogre
   498 | D:5      | Reached XP level 5. HP: 16/47 MP: 5/5
   740 | D:5      | Slain by a scorpion

Illustrated notes

Levels and vault maps discovered:
D:1:      sevenhm_arrival_forest_fort_large_2, layout_rooms,
          supply_closet_lemuel
D:2:      layout_basic, uniq_robin
D:3:      layout_rooms
D:4:      nicolae_BIG_FREAKIN_CUBE, layout_basic,
          minmay_temple_entry_nine_rooms, gup_sewer_entry_spiral,
          amethyst_killhole, uniq_duvessa, uniq_sigmund, uniq_ijyb, uniq_pikel
D:5:      layout_gridville, grunt_ministairs_12, uniq_grinder

Skill      XL: |  1  2  3  4 |
---------------+-------------+-----
Fighting       | 4 |  4.7
Polearms       | 3 |  3.4
Armour         | 4 |  4.2
Shields        | 4 |  4.3

Action                   |  1- 3 |  4- 6 || total
-------------------------+-------+-------++-------
Melee: Trident           |    46 |    12 ||    58
Armor: Scale mail        |    26 |     2 ||    28
Dodge: Dodged            |    20 |     5 ||    25
Block: Buckler           |     6 |       ||     6
